[Event "ICC Open 2015"]
[Site "Internet Chess Club"]
[Date "2015.05.30"]
[Round "6"]
[White "Mormegil"]
[Black "sahilmd"]
[Result "0-1"]
[ICCResult "White resigns"]
[WhiteElo "1716"]
[BlackElo "2044"]
[Opening "Nimzo-Indian: 4.e3, main line with 7...Nc6"]
[ECO "E56"]
[NIC "NI.05"]
[Time "19:53:55"]
[TimeControl "180+0"]

1. d4 Nf6 2. c4 e6 3. Nc3 Bb4 4. e3 O-O 5. Bd3 c5 6. Nf3 d5 7. O-O Nc6 8.
Qc2 cxd4 9. exd4 dxc4 10. Bxc4 b6 11. Rd1 Bb7 12. Bg5 Bxc3 13. Qxc3 Ne4 14.
Bxd8 Nxc3 15. bxc3 Rfxd8 16. Bb5 Rac8 17. Rac1 Na5 18. Ne5 f6 19. Nd3 Bd5
20. a3 Nb3 21. Rb1 Rxc3 22. Nb4 a5 23. Na2 Rc7 24. Nc1 Nxc1 25. Rdxc1 Rdc8
26. Rxc7 Rxc7 27. f3 Kf7 28. a4 Ke7 29. Kf2 Kd6 30. Kg3 Rc3 31. h4 Rb3 32.
Rc1 Rb4 33. Rc8 Rxd4 34. Rg8 g6 35. Rh8 Bb3 36. Rxh7 Ke5 37. Rg7 Kf5 38. Kh3
Bxa4 39. Bxa4 Rxa4 40. g4+ Ke5 41. Rxg6 Rc4 42. h5 Rc8 43. h6 a4 44. Rg7 b5
45. h7 Rh8 46. Rb7 a3 47. Rxb5+ Kf4 48. Ra5 Rxh7+ 49. Kg2 Rb7 50. Rxa3 Rb2+
51. Kf1 Rb1+ 52. Kf2 Rb2+ 53. Kf1 Rb4 54. Kf2 Rd4 55. Kf1 f5 56. gxf5 exf5
57. Kf2 Rd2+ 58. Ke1 Rb2 59. Kf1 Kg3 60. Ke1 f4 61. Kd1 Rb1+ 62. Ke2 Rb2+
63. Ke1 Rf2 64. Rb3 Rxf3 65. Rxf3+ Kxf3 66. Kf1 Ke3 67. Ke1 f3 68. Kf1 f2
69. Kg2 Ke2 70. Kg3 f1=Q {White resigns} 0-1

[Event "ICC Open 2015"]
[Site "Internet Chess Club"]
[Date "2015.05.30"]
[Round "6"]
[White "DarkThrone"]
[Black "NachoAverageKid"]
[Result "0-1"]
[ICCResult "White forfeits on time"]
[WhiteElo "2422"]
[BlackElo "2229"]
[Opening "Grünfeld: Russian variation"]
[ECO "D96"]
[NIC "GI.10"]
[Time "19:52:04"]
[TimeControl "180+0"]

1. d4 Nf6 2. c4 g6 3. Nc3 d5 4. Nf3 Bg7 5. Qb3 c6 6. cxd5 Nxd5 7. e4 Nxc3 8.
bxc3 O-O 9. Be2 Be6 10. Qxb7 Nd7 11. O-O Nb6 12. Bf4 c5 13. Rad1 cxd4 14.
cxd4 Bxa2 15. d5 Qc8 16. Qxe7 a5 17. Rc1 Qd8 18. Qa3 Bxd5 19. Bc7 Qf6 20.
Be5 Qe6 21. Bxg7 Kxg7 22. Qb2+ Kg8 23. exd5 Nxd5 24. Ng5 Qf5 25. Nf3 Nf4 26.
Nd4 Qf6 27. Rb1 Qxd4 28. Bf3 Qxb2 29. Rxb2 Ra7 30. Ra1 Ne6 31. Rba2 Rc8 32.
g3 Nd4 33. Bd5 Rc5 34. Be4 Nb3 35. Rb1 Nd4 36. Kg2 Kg7 37. Rd1 Nb5 38. f3
Nc3 39. Rda1 Nxa2 40. Rxa2 a4 41. Ra3 Rb5 42. g4 Rb4 43. Kg3 Rb3 44. Ra2 a3
45. Bd5 Rb2 46. h4 Rxa2 47. Bxa2 Rc7 48. h5 Rc2 49. h6+ Kxh6 50. Bxf7 Kg7
51. Be6 Rc3 52. Kf4 Rc2 53. g5 a2 54. Bxa2 Rxa2 55. Ke5 Ra4 56. f4 Ra5+ 57.
Ke4 Rf5 58. Kf3 Kf7 59. Kg4 Ke6 60. Kf3 Kf7 61. Ke4 h6 62. Kf3 hxg5 63. Ke4
gxf4 64. Kf3 g5 65. Kg4 Kf6 66. Kf3 g4+ 67. Kxg4 f3 68. Kg3 f2 69. Kg4 f1=Q
70. Kg3 Qg1+ 71. Kh4 Rf4+ 72. Kh3 Rf5 {White forfeits on time} 0-1

[Event "ICC Open 2015"]
[Site "Internet Chess Club"]
[Date "2015.05.30"]
[Round "7"]
[White "Yummyhat"]
[Black "Huemul"]
[Result "1-0"]
[ICCResult "Black resigns"]
[WhiteElo "1783"]
[BlackElo "1316"]
[Opening "QGD: semi-Slav, Marshall gambit"]
[ECO "D10"]
[NIC "SL.06"]
[Time "20:04:05"]
[TimeControl "180+0"]

1. d4 d5 2. c4 c6 3. Nc3 e6 4. e4 Be7 5. cxd5 cxd5 6. e5 Nh6 7. Bxh6 gxh6 8.
Nf3 Bg5 9. h4 Be7 10. Qc2 O-O 11. Bd3 f5 12. exf6 Rxf6 13. Bxh7+ Kf8 14. Ne5
Rxf2 15. Qxf2+ Bf6 16. O-O Qe7 17. Ng6+ {Black resigns} 1-0

[Event "ICC Open 2015"]
[Site "Internet Chess Club"]
[Date "2015.05.30"]
[Round "7"]
[White "BlackHorse96"]
[Black "aplusk"]
[Result "1/2-1/2"]
[ICCResult "Game drawn by mutual agreement"]
[WhiteElo "3258"]
[BlackElo "3003"]
[Opening "Giuoco Piano"]
[ECO "C54"]
[NIC "IG.02"]
[Time "20:04:35"]
[TimeControl "180+0"]

1. e4 e5 2. Nf3 Nc6 3. Bc4 Bc5 4. c3 Nf6 5. d4 exd4 6. cxd4 Bb4+ 7. Bd2
Bxd2+ 8. Nbxd2 d5 9. exd5 Nxd5 10. Qb3 Na5 11. Qa4+ Nc6 12. Qb3 Na5 13. Qa4+
Nc6 14. Qb4 Ncxb4 {Game drawn by mutual agreement} 1/2-1/2

[Event "ICC Open 2015"]
[Site "Internet Chess Club"]
[Date "2015.05.30"]
[Round "7"]
[White "Sjelan"]
[Black "Schack"]
[Result "1-0"]
[ICCResult "Black resigns"]
[WhiteElo "2122"]
[BlackElo "1638"]
[Opening "French: Two knights variation"]
[ECO "C00"]
[NIC "FR.01"]
[Time "20:05:01"]
[TimeControl "180+0"]

1. e4 e6 2. Nf3 d5 3. Nc3 Nf6 4. exd5 exd5 5. d4 c5 6. Bb5+ Nc6 7. Ne5 Bd7
8. Nxd7 Qxd7 9. dxc5 Bxc5 10. O-O O-O 11. Bg5 Ne4 12. Nxe4 {Black resigns}
1-0

[Event "ICC Open 2015"]
[Site "Internet Chess Club"]
[Date "2015.05.30"]
[Round "7"]
[White "tmunagala"]
[Black "RaiseTheCurve"]
[Result "0-1"]
[ICCResult "White checkmated"]
[WhiteElo "1811"]
[BlackElo "1917"]
[Opening "Trompowsky attack (Ruth, Opocenský opening)"]
[ECO "A45"]
[NIC "QP.07"]
[Time "20:03:59"]
[TimeControl "180+0"]

1. d4 Nf6 2. Bg5 c5 3. e3 cxd4 4. exd4 Qa5+ 5. c3 Qxg5 6. Nf3 Qa5 7. Nbd2 e6
8. Bd3 Be7 9. O-O a6 10. Re1 O-O 11. Rxe6 dxe6 12. a3 Nc6 13. Qe2 Qc7 14.
Re1 Bd6 15. Nc4 b5 16. Nce5 Bb7 17. Nxc6 Qxc6 18. Ne5 Qxg2# {White
checkmated} 0-1

[Event "ICC Open 2015"]
[Site "Internet Chess Club"]
[Date "2015.05.30"]
[Round "7"]
[White "postmortem"]
[Black "jmkchess"]
[Result "1-0"]
[ICCResult "Black resigns"]
[WhiteElo "2066"]
[BlackElo "1845"]
[Opening "Barnes defense"]
[ECO "B00"]
[NIC "VO.17"]
[Time "20:04:46"]
[TimeControl "180+0"]

1. e4 f6 2. d4 d5 3. exd5 Qxd5 4. Nc3 Qd8 5. d5 e6 6. Bb5+ Kf7 7. dxe6+ Ke7
8. Nd5+ Kxe6 9. Bc4 Kf5 10. Qd3+ Ke6 {Black resigns} 1-0

[Event "ICC Open 2015"]
[Site "Internet Chess Club"]
[Date "2015.05.30"]
[Round "7"]
[White "yaguaro"]
[Black "TravisMcGee"]
[Result "1-0"]
[ICCResult "Black resigns"]
[WhiteElo "1945"]
[BlackElo "1573"]
[Opening "French: Winawer, advance, Bogolyubov variation"]
[ECO "C17"]
[NIC "FR.10"]
[Time "20:04:35"]
[TimeControl "180+0"]

1. e4 e6 2. d4 d5 3. Nc3 Bb4 4. e5 c5 5. Bd2 Qc7 6. dxc5 Nd7 7. f4 Nxc5 8.
Nf3 Bd7 9. Be2 Ne7 10. O-O O-O 11. Kh1 Rad8 12. a3 Bxc3 13. Bxc3 Na4 14. Bd4
a6 15. b3 Nb6 16. Bd3 Nc6 17. Bb2 Ne7 18. Bxh7+ Kh8 19. Ng5 Ng6 20. Qh5
{Black resigns}
1-0

[Event "ICC Open 2015"]
[Site "Internet Chess Club"]
[Date "2015.05.30"]
[Round "7"]
[White "Immortal-Man"]
[Black "ALexiz"]
[Result "0-1"]
[ICCResult "White checkmated"]
[WhiteElo "1518"]
[BlackElo "1815"]
[Opening "English opening"]
[ECO "A20"]
[NIC "EO.24"]
[Time "20:04:28"]
[TimeControl "180+0"]

1. c4 e5 2. g3 Nc6 3. Bg2 f5 4. Nc3 Nf6 5. e4 Bb4 6. d3 Bxc3+ 7. bxc3 d6 8.
Ne2 O-O 9. Bg5 Qe8 10. Bxf6 Rxf6 11. f3 fxe4 12. dxe4 Be6 13. Qb3 Na5 14.
Qb4 Nxc4 15. O-O Ne3 16. Rfc1 Nxg2 17. Kxg2 b6 18. a4 Qh5 19. a5 Qxf3+ 20.
Kg1 Qxe2 21. axb6 Qf2+ 22. Kh1 Bh3 23. Rg1 Qf3+ 24. Rg2 Qxg2# {White
checkmated} 0-1

[Event "ICC Open 2015"]
[Site "Internet Chess Club"]
[Date "2015.05.30"]
[Round "7"]
[White "RJoseph12"]
[Black "Gruble"]
[Result "0-1"]
[ICCResult "White checkmated"]
[WhiteElo "1248"]
[BlackElo "1785"]
[Opening "Pirc defense"]
[ECO "B07"]
[NIC "PU.08"]
[Time "20:04:20"]
[TimeControl "180+0"]

1. e4 d6 2. d4 Nf6 3. Nc3 e5 4. d5 c6 5. dxc6 bxc6 6. Nf3 Be7 7. Be3 O-O 8.
Bd3 Nbd7 9. h3 d5 10. exd5 cxd5 11. Bf5 d4 12. Bxd7 Bxd7 13. Nxe5 dxe3 14.
Nxd7 exf2+ 15. Kxf2 Nxd7 16. Re1 Bc5+ 17. Kf1 Qf6+ 18. Ke2 Rfe8+ 19. Kd2
Qf4+ 20. Kd3 Qd4# {White checkmated} 0-1

[Event "ICC Open 2015"]
[Site "Internet Chess Club"]
[Date "2015.05.30"]
[Round "7"]
[White "EGK"]
[Black "ChillingGuy"]
[Result "1-0"]
[ICCResult "Black resigns"]
[WhiteElo "2138"]
[BlackElo "2341"]
[Opening "King's Indian: Torre attack"]
[ECO "A48"]
[NIC "QP.01"]
[Time "20:05:00"]
[TimeControl "180+0"]

1. d4 Nf6 2. Nf3 g6 3. Bg5 Bg7 4. Nbd2 d6 5. e3 Nc6 6. c3 O-O 7. Bd3 e5 8.
O-O h6 9. Bh4 g5 10. Bg3 Qe8 11. Qc2 Nh5 12. Bf5 Ne7 13. Bxc8 Rxc8 14. dxe5
Nxg3 15. hxg3 dxe5 16. Nc4 Nc6 17. e4 g4 18. Nh4 Ne7 19. Ne3 Qd7 20. Rad1
Qe6 21. Nhf5 Ng6 22. Nxg4 h5 23. Nge3 h4 24. gxh4 Bf6 25. g3 Kh7 26. Nd5 Rg8
27. Qd2 Nf4 28. Nxf4 exf4 29. Qxf4 Be5 30. Qf3 Rcd8 31. Qh5+ {Black resigns}
1-0

[Event "ICC Open 2015"]
[Site "Internet Chess Club"]
[Date "2015.05.30"]
[Round "7"]
[White "airantrobo"]
[Black "krankenstein"]
[Result "1-0"]
[ICCResult "Black resigns"]
[WhiteElo "1658"]
[BlackElo "1157"]
[Opening "QGD: Marshall defense"]
[ECO "D06"]
[NIC "QP.08"]
[Time "20:04:25"]
[TimeControl "180+0"]

1. d4 d5 2. c4 Nf6 3. Nf3 h6 4. Nc3 Nc6 5. cxd5 Nxd5 6. e4 Nxc3 7. bxc3 e6
8. Be2 a6 9. O-O Be7 10. Be3 O-O 11. d5 exd5 12. exd5 Na7 13. c4 b6 14. Bd3
Bd6 15. h3 f5 16. Nd4 f4 17. Bd2 Bxh3 18. Qh5 Bd7 19. Qg6 Bf5 20. Bxf5 Qg5
21. Qh7+ Kf7 22. Be6+ Kf6 23. Nf3 Qg6 24. Bc3+ Be5 25. Bxe5+ {Black resigns}
1-0

[Event "ICC Open 2015"]
[Site "Internet Chess Club"]
[Date "2015.05.30"]
[Round "7"]
[White "egystorm"]
[Black "DangerousDeath"]
[Result "1-0"]
[ICCResult "Black resigns"]
[WhiteElo "2070"]
[BlackElo "1647"]
[Opening "QGD: classical variation (5.Bf4)"]
[ECO "D37"]
[NIC "QI.01"]
[Time "20:05:22"]
[TimeControl "180+0"]

1. d4 e6 2. c4 Nf6 3. Nf3 d5 4. Nc3 Be7 5. Bf4 a6 6. e3 dxc4 7. Bxc4 b5 8.
Bd3 Bb7 9. O-O Nbd7 10. Qe2 Rc8 11. e4 c5 12. d5 exd5 13. exd5 Bxd5 14. Rfe1
Be6 15. Ng5 Bd5 16. Bd6 Be6 17. Nxe6 fxe6 18. Qxe6 c4 19. Bxe7 {Black
resigns} 1-0

[Event "ICC Open 2015"]
[Site "Internet Chess Club"]
[Date "2015.05.30"]
[Round "7"]
[White "jonesey"]
[Black "rookfish"]
[Result "1-0"]
[ICCResult "Black resigns"]
[WhiteElo "1921"]
[BlackElo "1173"]
[Opening "Giuoco Piano: Greco's attack"]
[ECO "C54"]
[NIC "IG.02"]
[Time "20:04:41"]
[TimeControl "180+0"]

1. e4 e5 2. Nf3 Nc6 3. Bc4 Bc5 4. c3 Nf6 5. d4 exd4 6. cxd4 Bb4+ 7. Nc3 O-O
8. d5 Ne7 9. e5 Ne4 10. O-O Nxc3 11. bxc3 Bxc3 12. Bg5 h6 13. Bh4 Ng6 14.
Bxd8 Rxd8 15. Rc1 Bxe5 16. Nxe5 Nxe5 17. d6 Nxc4 18. Rxc4 b6 19. dxc7 Re8
20. Re1 Rxe1+ 21. Qxe1 Ba6 22. Ra4 Bb5 23. Rxa7 Rxa7 {Black resigns} 1-0

[Event "ICC Open 2015"]
[Site "Internet Chess Club"]
[Date "2015.05.30"]
[Round "7"]
[White "MarzipanCat"]
[Black "Redbaron"]
[Result "0-1"]
[ICCResult "White resigns"]
[WhiteElo "2222"]
[BlackElo "2446"]
[Opening "Sicilian: Taimanov variation"]
[ECO "B48"]
[NIC "SI.40"]
[Time "20:05:13"]
[TimeControl "180+0"]

1. e4 c5 2. Nf3 e6 3. d4 cxd4 4. Nxd4 Nc6 5. Nc3 Qc7 6. Be3 a6 7. Qd2 Nf6 8.
O-O-O b5 9. f3 Bb7 10. g4 b4 11. Nce2 d5 12. Nxc6 Bxc6 13. e5 Nd7 14. Nd4
Bc5 15. f4 a5 16. Nb5 Bxb5 17. Bxb5 Rc8 18. Bxc5 Qxc5 19. Bxd7+ Kxd7 20. Kb1
a4 21. Rc1 Qc4 22. b3 Qc3 23. Qe2 a3 24. Qb5+ Kd8 25. Qb6+ Rc7 26. Qb8+ Kd7
27. Qb5+ Ke7 {White resigns} 0-1

[Event "ICC Open 2015"]
[Site "Internet Chess Club"]
[Date "2015.05.30"]
[Round "7"]
[White "fito"]
[Black "TheLlamaLord"]
[Result "1-0"]
[ICCResult "Black resigns"]
[WhiteElo "2357"]
[BlackElo "1654"]
[Opening "Petrov: classical attack"]
[ECO "C42"]
[NIC "RG.05"]
[Time "20:04:08"]
[TimeControl "180+0"]

1. e4 e5 2. Nf3 Nf6 3. Nxe5 d6 4. Nf3 Nxe4 5. d4 d5 6. Bd3 Be7 7. Nbd2 Nxd2
8. Bxd2 O-O 9. O-O Bg4 10. Re1 c6 11. c3 Nd7 12. Qc2 h6 13. Ne5 Nxe5 14.
dxe5 Be6 15. f4 d4 16. f5 Bc8 17. Rad1 dxc3 18. Bxc3 Bc5+ 19. Kh1 Qg5 20.
Be4 Bb6 21. Rd3 Re8 22. Rg3 Qh4 23. f6 Bg4 24. Bh7+ Kh8 25. fxg7+ Kxg7 26.
e6+ f6 27. Qg6+ Kh8 28. Bxf6+ Qxf6 29. Qxf6+ Kxh7 30. Rxg4 Rg8 31. Qf7+ Kh8
32. Rxg8+ Rxg8 33. e7 {Black resigns} 1-0

[Event "ICC Open 2015"]
[Site "Internet Chess Club"]
[Date "2015.05.30"]
[Round "7"]
[White "akibael"]
[Black "Caminator"]
[Result "0-1"]
[ICCResult "White resigns"]
[WhiteElo "2318"]
[BlackElo "2161"]
[Opening "QGD semi-Slav: Meran, Wade variation"]
[ECO "D47"]
[NIC "SL.09"]
[Time "20:04:41"]
[TimeControl "180+0"]

1. Nf3 d5 2. d4 Nf6 3. c4 c6 4. e3 e6 5. Nc3 Nbd7 6. Bd3 dxc4 7. Bxc4 b5 8.
Bd3 Bb7 9. O-O a6 10. e4 c5 11. e5 Nd5 12. Ne4 cxd4 13. Bg5 Qb6 14. Rc1 h6
15. Bh4 Nc5 16. Nxd4 Nxd3 17. Qxd3 Nf4 18. Qe3 Qxd4 19. Qxd4 Ne2+ 20. Kh1
Nxd4 21. Rc7 Bxe4 22. Rd1 Nf5 23. Bg3 Nxg3+ 24. hxg3 Rd8 25. Rxd8+ Kxd8 26.
Rxf7 Bc5 27. f3 Bf5 28. Rxg7 h5 29. Rb7 Kc8 30. Rg7 Rd8 31. g4 hxg4 32. fxg4
Rh8+ {White resigns} 0-1

[Event "ICC Open 2015"]
[Site "Internet Chess Club"]
[Date "2015.05.30"]
[Round "7"]
[White "bugeyes"]
[Black "skibum1313"]
[Result "0-1"]
[ICCResult "White forfeits on time"]
[WhiteElo "1051"]
[BlackElo "1471"]
[Opening "Pirc: Ufimtsev-Pytel variation"]
[ECO "B07"]
[NIC "PU.08"]
[Time "20:04:14"]
[TimeControl "180+0"]

1. e4 d6 2. d4 Nf6 3. Nc3 c6 4. Nf3 Bg4 5. e5 dxe5 6. dxe5 Qxd1+ 7. Kxd1
Bxf3+ 8. gxf3 Nd5 9. Nxd5 cxd5 10. Bf4 e6 11. Bd3 Bc5 12. c3 Bxf2 13. Rf1
Bc5 14. b4 Be7 15. Rg1 O-O 16. Rg2 f6 17. Kd2 fxe5 18. Rag1 Bf6 19. Bh6 Rf7
{White forfeits on time}
0-1

[Event "ICC Open 2015"]
[Site "Internet Chess Club"]
[Date "2015.05.30"]
[Round "7"]
[White "klodshans"]
[Black "shredded"]
[Result "0-1"]
[ICCResult "White resigns"]
[WhiteElo "1667"]
[BlackElo "2701"]
[Opening "Queen's pawn: London system"]
[ECO "A45"]
[NIC "QP.07"]
[Time "20:04:32"]
[TimeControl "180+0"]

1. d4 Nf6 2. Bf4 d5 3. e3 Bf5 4. Nd2 c6 5. c4 e6 6. Qb3 Qc8 7. Ngf3 Nbd7 8.
Be2 h6 9. h3 Be7 10. O-O O-O 11. a4 a6 12. a5 Bd8 13. c5 Ne4 14. Rfc1 Bc7
15. Nxe4 Bxe4 16. Bxc7 Qxc7 17. Nd2 Bg6 18. Qc3 e5 19. b4 Rae8 20. Bg4 f5
21. Be2 e4 22. f3 f4 23. fxe4 Bxe4 24. Bf3 Bxf3 25. Nxf3 Rxe3 26. Qd2 Rfe8
27. Re1 Qd8 28. Ne5 Nxe5 29. dxe5 R8xe5 30. Rxe3 fxe3 31. Qd3 e2 32. Re1 Qe7
33. Kf2 Qf6+ 34. Kg1 Qe6 35. Kf2 Re4 36. Rxe2 Rxe2+ 37. Qxe2 Qxe2+ 38. Kxe2
Kf7 39. Ke3 Kf6 40. Kf4 g5+ 41. Kg4 Kg6 42. h4 h5+ 43. Kg3 Kf5 44. hxg5 Kxg5
45. Kf3 h4 46. g3 h3 47. g4 d4 48. Kg3 d3 49. Kf3 d2 50. Ke2 h2 51. Kxd2
h1=Q {White resigns} 0-1

[Event "ICC Open 2015"]
[Site "Internet Chess Club"]
[Date "2015.05.30"]
[Round "7"]
[White "ghorok"]
[Black "boobytrap"]
[Result "0-1"]
[ICCResult "White resigns"]
[WhiteElo "1756"]
[BlackElo "1959"]
[Opening "Queen's gambit accepted"]
[ECO "D20"]
[NIC "QG.03"]
[Time "20:05:06"]
[TimeControl "180+0"]

1. d4 d5 2. c4 dxc4 3. e3 Nf6 4. Bxc4 e6 5. Nc3 c5 6. Nf3 a6 7. O-O b5 8.
Be2 Bb7 9. dxc5 Qxd1 10. Rxd1 Bxc5 11. b3 Nbd7 12. Bb2 O-O 13. Rac1 Be7 14.
Ne4 Rfd8 15. Nxf6+ Nxf6 16. Kf1 h6 17. Ne5 Nd5 18. Nc6 Bxc6 19. Rxc6 Nb4 20.
Rcc1 Rxd1+ 21. Rxd1 Nxa2 22. Rb1 Nb4 23. Ra1 Rc8 24. Ba3 Nc2 {White resigns}
0-1

[Event "ICC Open 2015"]
[Site "Internet Chess Club"]
[Date "2015.05.30"]
[Round "7"]
[White "ErnestoRondon"]
[Black "Ohanessian"]
[Result "1-0"]
[ICCResult "Black resigns"]
[WhiteElo "1895"]
[BlackElo "2026"]
[Opening "English: Anglo-Dutch defense"]
[ECO "A10"]
[NIC "HD.14"]
[Time "20:04:04"]
[TimeControl "180+0"]

1. c4 f5 2. Nc3 Nf6 3. g3 e5 4. Bg2 Bc5 5. e3 d6 6. Nge2 O-O 7. O-O e4 8. a3
a5 9. d4 exd3 10. Qxd3 Nc6 11. b3 Ne5 12. Qc2 a4 13. b4 Ba7 14. Nd5 Nfg4 15.
Bb2 c6 16. Ndf4 Qg5 17. Rad1 Qh6 18. h3 Nxf2 19. Kxf2 g5 20. Nd3 f4 21. gxf4
gxf4 22. Nexf4 Rxf4+ 23. Nxf4 Qxf4+ 24. Kg1 Qxe3+ 25. Kh1 Bxh3 26. Rf3 Bxg2+
27. Qxg2+ Ng6 28. Rxe3 Bxe3 29. Rxd6 Kf7 30. Qf3+ Bf4 31. Rf6+ Ke7 32. Qe4+
Kd7 33. Rf7+ {Black resigns} 1-0

[Event "ICC Open 2015"]
[Site "Internet Chess Club"]
[Date "2015.05.30"]
[Round "7"]
[White "graccus"]
[Black "cristoforo"]
[Result "1-0"]
[ICCResult "Black checkmated"]
[WhiteElo "1364"]
[BlackElo "1431"]
[Opening "Mieses opening"]
[ECO "A00"]
[NIC "VO.13"]
[Time "20:04:06"]
[TimeControl "180+0"]

1. d3 Nf6 2. d4 g6 3. Nc3 Bg7 4. Bg5 O-O 5. e4 d6 6. Qd2 c5 7. d5 Bd7 8.
O-O-O a6 9. Bh6 b5 10. Bxg7 Kxg7 11. h4 b4 12. Nce2 a5 13. h5 c4 14. hxg6
Rh8 15. Qh6+ Kg8 16. gxh7+ Rxh7 17. Qg5+ Kh8 18. Rxh7+ Nxh7 19. Qh5 f6 20.
Nf3 Be8 21. Qh2 Bg6 22. Nf4 Bxe4 23. Nh4 Nd7 24. Nhg6+ Kg7 25. Be2 Bxg6 26.
Nxg6 Kxg6 27. Rh1 Qg8 28. Qh6+ Kf7 29. Bh5+ Qg6 30. Qxg6+ Kf8 31. Qf7#
{Black checkmated}
1-0

[Event "ICC Open 2015"]
[Site "Internet Chess Club"]
[Date "2015.05.30"]
[Round "7"]
[White "ShadowLike"]
[Black "Machinegun"]
[Result "1-0"]
[ICCResult "Black checkmated"]
[WhiteElo "2220"]
[BlackElo "2422"]
[Opening "Sicilian: Smith-Morra gambit"]
[ECO "B21"]
[NIC "SI.48"]
[Time "20:04:05"]
[TimeControl "180+0"]

1. e4 c5 2. d4 d6 3. dxc5 Nf6 4. f3 Qa5+ 5. Nc3 Qxc5 6. Bd3 g6 7. Qe2 Bg7 8.
Be3 Qa5 9. Qd2 Nc6 10. Nge2 h5 11. g3 h4 12. g4 h3 13. Ng3 Bxg4 14. fxg4
Nxg4 15. O-O-O Bxc3 16. bxc3 Qxa2 17. Qe2 Nxe3 18. Qxe3 Rc8 19. Kd2 Qe6 20.
Ne2 a6 21. Rb1 b5 22. Ra1 Nb8 23. Rhf1 Rh5 24. Nf4 Qg4 25. Nxh5 Qxh5 26. Qf3
Qg5+ 27. Ke2 Rc7 28. Rg1 Qh6 29. Rg3 Nd7 30. Rxh3 Qg7 31. Rxa6 Nc5 32. Ra8+
Kd7 33. Bxb5+ Ke6 34. Qg4+ Ke5 35. Rh5+ f5 36. Rxf5+ gxf5 37. Qxf5#
{Black checkmated}
1-0

[Event "ICC Open 2015"]
[Site "Internet Chess Club"]
[Date "2015.05.30"]
[Round "7"]
[White "Steingrim89"]
[Black "Borknagar"]
[Result "0-1"]
[ICCResult "White checkmated"]
[WhiteElo "1660"]
[BlackElo "1940"]
[Opening "Queen's pawn game"]
[ECO "D02"]
[NIC "QP.08"]
[Time "20:04:16"]
[TimeControl "180+0"]

1. d4 d5 2. Nf3 c6 3. Bf4 Nf6 4. e3 Bf5 5. Bd3 Bxd3 6. Qxd3 e6 7. c3 Bd6 8.
Ne5 Qc7 9. Nd2 Nbd7 10. Ndf3 O-O 11. O-O b6 12. Rfe1 c5 13. Rac1 c4 14. Qd1
Ne4 15. Qe2 b5 16. h3 a5 17. a3 Nxe5 18. Nxe5 Qb7 19. f3 Nf6 20. e4 Be7 21.
Bh2 Rfc8 22. Qe3 b4 23. axb4 axb4 24. Rc2 b3 25. Rd2 Ra2 26. Ree2 Rca8 27.
Kf2 Ra1 28. Re1 R8a2 29. Rxa1 Rxa1 30. Qe2 Qa8 31. exd5 Nxd5 32. Qxc4 Rh1
33. Bg3 Qa1 34. Qc8+ Bf8 35. Nd7 Qe1# {White checkmated} 0-1

[Event "ICC Open 2015"]
[Site "Internet Chess Club"]
[Date "2015.05.30"]
[Round "7"]
[White "jojowang"]
[Black "a-man"]
[Result "1-0"]
[ICCResult "Black checkmated"]
[WhiteElo "1380"]
[BlackElo "1401"]
[Opening "Two knights defense"]
[ECO "C59"]
[NIC "KP.01"]
[Time "20:04:39"]
[TimeControl "180+0"]

1. e4 e5 2. Nf3 Nc6 3. Bc4 Nf6 4. Ng5 d5 5. exd5 Na5 6. Bb5+ c6 7. dxc6 bxc6
8. Be2 Bc5 9. b3 O-O 10. Nc3 Qb6 11. O-O Nb7 12. Bb2 Nd6 13. Na4 Bd4 14.
Nxb6 Bxb2 15. Nxa8 Bxa1 16. Qxa1 Bb7 17. Qxe5 Rd8 18. Nc7 Rd7 19. d3 a6 20.
d4 h6 21. Nf3 Ng4 22. Qg3 Nf6 23. Nxa6 Bxa6 24. Bxa6 Nfe4 25. Qe5 f6 26.
Qe6+ Kh7 27. Qxd7 Nf5 28. Qxf5+ g6 29. Qxe4 f5 30. Qe7+ Kg8 31. Ne5 g5 32.
Qf7+ Kh8 33. Ng6# {Black checkmated} 1-0

[Event "ICC Open 2015"]
[Site "Internet Chess Club"]
[Date "2015.05.30"]
[Round "7"]
[White "Sebs"]
[Black "LittlePeasant"]
[Result "1-0"]
[ICCResult "Black resigns"]
[WhiteElo "2964"]
[BlackElo "2781"]
[Opening "Benkö gambit half accepted"]
[ECO "A57"]
[NIC "BI.45"]
[Time "20:04:07"]
[TimeControl "180+0"]

1. d4 Nf6 2. c4 c5 3. d5 b5 4. cxb5 a6 5. f3 g6 6. e4 Bg7 7. Na3 O-O 8. Ne2
e6 9. Nc3 Bb7 10. Bc4 axb5 11. Ncxb5 exd5 12. exd5 Re8+ 13. Kf2 d6 14. g3
Na6 15. Bf4 Bf8 16. Kg2 Nb4 17. Nc3 Bg7 18. Nab5 Bf8 19. a3 Na6 20. Qd2 Qb6
21. Na4 Qd8 22. Rhe1 Rxe1 23. Rxe1 Nc7 24. Nxc5 Nxb5 25. Nxb7 Qb6 26. Bxb5
Qxb5 27. Nxd6 Qxd5 28. Ne4 Qf5 29. Nxf6+ Qxf6 30. Be5 Qf5 31. Bc3 h5 32. Qd4
f6 33. Qxf6 Qxf6 34. Bxf6 Kf7 35. Bc3 Ra4 36. f4 Be7 37. Kf3 Ra6 38. Re4 Rb6
39. b4 Rc6 40. Re3 Bd8 41. a4 Bb6 42. Rd3 Rc4 43. a5 Ba7 44. b5 Bc5 45. b6
Ra4 46. Be5 Rxa5 47. b7 Ba7 48. b8=Q Bxb8 49. Bxb8 Ke6 50. Be5 Rb5 51. Rd6+
Kf7 52. Rf6+ Ke7 53. Rxg6 Rb3+ 54. Ke4 {Black resigns} 1-0

[Event "ICC Open 2015"]
[Site "Internet Chess Club"]
[Date "2015.05.30"]
[Round "7"]
[White "kurka56"]
[Black "Ernie1"]
[Result "1-0"]
[ICCResult "Black resigns"]
[WhiteElo "1800"]
[BlackElo "1319"]
[Opening "QGD Slav defense: exchange variation"]
[ECO "D13"]
[NIC "SL.01"]
[Time "20:04:37"]
[TimeControl "180+0"]

1. d4 c6 2. c4 d5 3. cxd5 cxd5 4. Nc3 Nf6 5. Nf3 e6 6. Bf4 a6 7. e3 Bb4 8.
Bd3 Qa5 9. Qb3 Nc6 10. O-O Bxc3 11. bxc3 b5 12. a4 Bb7 13. axb5 Qb6 14. Rfb1
Na5 15. Qb4 Nc4 16. bxa6 Qxb4 17. Rxb4 Bxa6 18. Rba4 Nb2 19. Rxa6 Rxa6 20.
Rxa6 Nxd3 21. Ra8+ {Black resigns} 1-0

[Event "ICC Open 2015"]
[Site "Internet Chess Club"]
[Date "2015.05.30"]
[Round "7"]
[White "DropZone"]
[Black "Acerook"]
[Result "1-0"]
[ICCResult "Black checkmated"]
[WhiteElo "2041"]
[BlackElo "1898"]
[Opening "Queen's pawn game"]
[ECO "D02"]
[NIC "QP.08"]
[Time "20:04:41"]
[TimeControl "180+0"]

1. d4 d5 2. Nf3 c6 3. Bf4 Nf6 4. e4 dxe4 5. Ne5 Bf5 6. c3 Nbd7 7. Bc4 Nxe5
8. Bxe5 Nd5 9. Qb3 b6 10. Ba6 Qd7 11. Nd2 f6 12. Bg3 e6 13. O-O h5 14. h3 h4
15. Bh2 Rh6 16. Nc4 Rg6 17. Kh1 Kf7 18. Ne3 Rg5 19. Nxf5 Rxf5 20. Rae1 e3
21. f3 Bd6 22. c4 Nb4 23. Bxd6 Qxd6 24. c5 bxc5 25. dxc5 Qxc5 26. Bc4 Nd5
27. Bxd5 cxd5 28. Qb7+ Kg6 29. Qxa8 d4 30. Qe8+ Kh7 31. Qxe6 Re5 32. Qg4 g5
33. Rc1 Qd6 34. Qh5+ Kg7 35. Rc8 e2 36. Qh8+ Kf7 37. Qg8+ Ke7 38. Qe8#
{Black checkmated}
1-0